 Dungeon Crawl Stone Soup version 0.26.0-10-g1f06aea511 (webtiles) character file.

Game seed: 18355984644909861673

167 Moox the Cutter (level 5, 0/29 HPs)
             Began as a Kobold Transmuter on Jan 13, 2021.
             Was an Initiate of Cheibriados.
             Slain by an orc (3 damage)
             ... on level 3 of the Dungeon.
             The game lasted 00:10:17 (4400 turns).

Moox the Cutter (Kobold Transmuter)                 Turns: 4400, Time: 00:10:17

Health: 0/29       AC:  4    Str: 10    XL:     5   Next: 76%
Magic:  6/8        EV: 15    Int: 15    God:    Cheibriados [......]
Gold:   107        SH:  0    Dex: 16    Spells: 5/8 levels left

rFire    . . .     SeeInvis .   f - +0 short sword
rCold    . . .     Faith    .   (shield restricted)
rNeg     . . .     Spirit   .   t - +0 leather armour
rPois    .         Reflect  .   (helmet currently unavailable)
rElec    .         Harm     .   (no cloak)
rCorr    .         Rampage  .   s - +0 pair of gloves (curse)
Will     .....                  (boots currently unavailable)
Stlth    +++.......             (no amulet)
HPRegen  0.09/turn              (no ring)
MPRegen  0.11/turn              (no ring)

@: appendages (expiring), very slow
A: small, horns 2, talons 2, nightstalker 3
a: End Transformation, Renounce Religion, Bend Time


You were on level 3 of the Dungeon.
You worshipped Cheibriados.
Cheibriados was noncommittal.
You had grown temporary horns.
You had grown temporary talons.
You visited 1 branch of the dungeon, and saw 4 of its levels.

You collected 107 gold pieces.

Inventory:

Hand Weapons
 e - a +0 club
 f - a +0 short sword (weapon)
Missiles
 j - 7 silver boomerangs
 n - 55 stones
 v - 14 poisoned darts
Armour
 a - a +0 robe
 m - a +0 ring mail
 s - a cursed +0 pair of gloves (worn)
 t - a +0 leather armour (worn)
 w - a +0 buckler
Jewellery
 r - an uncursed amulet of magic regeneration {unknown}
Wands
 p - a wand of enslavement (4)
Scrolls
 g - 4 scrolls of identify {unknown}
 h - a scroll of enchant weapon {unknown}
 l - 3 scrolls of magic mapping {unknown}
 o - 3 scrolls of teleportation
 q - 2 scrolls of remove curse
 u - a scroll of blinking {unknown}
 y - a scroll of fog {unknown}
Potions
 b - 3 potions of curing {unknown}
 c - 2 potions of resistance {unknown}
 d - a potion of heal wounds {unknown}
 i - 3 potions of haste {unknown}
 k - a potion of brilliance {unknown}
 x - a potion of degeneration {unknown}


   Skills:
 - Level 1.2 Fighting
 - Level 6.0 Short Blades
 - Level 2.5 Dodging
 + Level 1.0 Stealth
 - Level 3.0 Unarmed Combat
 + Level 2.4 Spellcasting
 + Level 2.2 Transmutations


You had 5 spell levels left.
You knew the following spells:

 Your Spells              Type           Power        Failure   Level
a - Beastly Appendage     Tmut           16%          12%         1
b - Wereblood             Tmut           8%           17%         2

Your spell library contained the following spells:

 Spells                   Type           Power        Failure   Level
 Spider Form              Tmut/Pois      2%           50%         3
 Ice Form                 Ice/Tmut       5%           88%         4
 Blade Hands              Tmut           4%           97%         5


Dungeon Overview and Level Annotations

Branches:
Dungeon (4/15)
 Temple: D:4-7

Altars:
Ashenzari
Cheibriados
Kikubaaqudgha
Makhleb
Uskayaw


Innate Abilities, Weirdness & Mutations

You are small and have problems with some larger weapons.
You are completely attuned to the shadows.
You have a pair of horns on your head.
You have razor-sharp toenails.


Message History

You headbutt the orc wizard, but do no damage.
The orc wizard is almost dead.
The orc wizard hits you with a +0 dagger.
* * * LOW HITPOINT WARNING * * *
The orc closely misses you. The orc misses you.
Unknown command.
You closely miss the orc wizard.
The orc wizard is almost dead.
The orc wizard hits you but does no damage.
The orc completely misses you. The orc hits you.
* * * LOW HITPOINT WARNING * * *
Unknown command.
You closely miss the orc wizard.
The orc wizard is almost dead.
Your primal bloodlust has ended.
The orc wizard casts a spell at you. The magic dart hits you.
* * * LOW HITPOINT WARNING * * *
The orc barely misses you. The orc hits you.
You die...

###### .....# ####.# ##### ## #.#
### ...# ########)... .###.###
....##..................
..........8....................>.
.###.....8_8.....................
.###......8....o.................
..............)o@..........##†...
...............o...........##....
..###..........##..........#.....
..# #..........##..........#.....
..# #..........##................
..# #......(.†.####'#####....##..
..# #..........# ##..####....##..
..# #..........# #......#..).##..
..# #.......######......#######..


You could see an orc wizard and 2 orcs.

Vanquished Creatures
  A crimson imp (D:4)
  3 gnolls (D:1)
  2 adders
  A worm (D:2)
  2 dart slugs
  3 leopard geckos
  An orc (D:3)
  2 ball pythons (D:3)
  4 bats
  A giant cockroach (D:1)
  8 goblins
  8 hobgoblins
  6 jackals (D:1)
  2 quokkas
  5 frilled lizards
  4 kobolds
  5 rats
58 creatures vanquished.

Vanquished Creatures (collateral kills)
  A worker ant (D:4)
  An ooze (D:4)
  An orc (D:3)
3 creatures vanquished.

Grand Total: 61 creatures vanquished

Notes
Turn   | Place    | Note
-------+----------+-------------------------------------------
     0 | D:1      | Moox the Kobold Transmuter began the quest for the Orb.
     0 | D:1      | Reached XP level 1. HP: 12/12 MP: 3/3
   170 | D:1      | Reached skill level 1 in Short Blades
   348 | D:1      | Reached XP level 2. HP: 13/16 MP: 3/5
   489 | D:1      | Reached skill level 2 in Short Blades
   935 | D:1      | Reached XP level 3. HP: 20/20 MP: 4/6
   994 | D:1      | Reached skill level 3 in Short Blades
  2013 | D:2      | Found a hide-covered altar of Uskayaw.
  2052 | D:2      | Found an ancient bone altar of Kikubaaqudgha.
  2102 | D:2      | Reached skill level 4 in Short Blades
  2164 | D:2      | Found a broken altar of Ashenzari.
  2287 | D:1      | Reached XP level 4. HP: 9/25 MP: 5/7
  2921 | D:1      | Learned a level 2 spell: Wereblood
  2952 | D:2      | You fall into a shaft and drop 2 floors!
  2972 | D:4      | Found a burning altar of Makhleb.
  2989 | D:4      | Reached skill level 5 in Short Blades
  2989 | D:4      | Reached XP level 5. HP: 25/29 MP: 5/8
  3477 | D:3      | Reached skill level 6 in Short Blades
  3705 | D:2      | Found a snail-covered altar of Cheibriados.
  3710 | D:2      | Became a worshipper of Cheibriados the Contemplative
  4372 | D:3      | Reached skill level 1 in Stealth
  4374 | D:3      | Found a faded altar of an unknown god.
  4400 | D:3      | Slain by an orc

Illustrated notes

Levels and vault maps discovered:
D:1:      dpeg_arrival_chambers_temple_mockup, layout_basic
D:2:      layout_loops_ring, kiku_gazebo_pond_becter, old_standard_altar,
          general_overflow_altar, nicolae_overflow_hidden_temple,
          lemuel_blue_sif_altar
D:3:      layout_basic, chequers_ecumenical_altar_simple
D:4:      layout_rooms, kennysheep_mini, makhleb_grotto_becter

Skill      XL: |  1  2  3  4  5 |
---------------+----------------+-----
Short Blades   | 1 2 4 5 6 |  6.0
Stealth        | 1 |  1.0
Fighting       | |  1.2
Dodging        | |  2.5
Unarmed Combat | |  3.0
Spellcasting   | |  2.4
Transmutations | |  2.2

Action                   |  1- 3 |  4- 6 || total
-------------------------+-------+-------++-------
Melee: Short sword       |   106 |   100 ||   206
       Unarmed           |     6 |       ||     6
       Club              |     4 |       ||     4
       Headbutt          |    11 |     8 ||    19
       Kick              |    20 |    17 ||    37
       Dagger            |     2 |       ||     2
       Punch             |     3 |       ||     3
 Cast: Beastly Appendage |    27 |    12 ||    39
       Wereblood         |       |     6 ||     6
Evoke: Wand              |       |     2 ||     2
  Use: Scroll            |     2 |       ||     2
 Stab: Sleeping          |     2 |     5 ||     7
       Distracted        |       |     2 ||     2
Armor: Robe              |    11 |       ||    11
       Ring mail         |     8 |    12 ||    20
       Leather armour    |       |    17 ||    17
Dodge: Dodged            |    71 |    62 ||   133
